 Dungeon Crawl Stone Soup version 0.28.0-43-g3370ac3207 (webtiles) character file.

Game seed: 2991098185281113656

998 pkoi the Insei (level 7, 0/60 HPs)
             Began as a Demigod Gladiator on Mar 31, 2022.
             Killed from afar by a steam dragon (14 damage)
             ... with a ball of steam
             ... on level 7 of the Dungeon.
             The game lasted 00:08:33 (5584 turns).

pkoi the Insei (Demigod Gladiator)                  Turns: 5584, Time: 00:08:34

Health: 0/60       AC:  9    Str: 19    XL:     7   Next: 67%
Magic:  9/9        EV: 14    Int: 10    God:
Gold:   200        SH:  0    Dex: 19    Spells: 6/6 levels left

rFire   . . .      SeeInvis .     - Unarmed
rCold   . . .      Faith    .   (no shield)
rNeg    . . .      Spirit   .   a - +0 leather armour
rPois   .          Reflect  .   k - +0 helmet
rElec   .          Harm     .   (no cloak)
rCorr   .          Rampage  .   (no gloves)
Will    +....                   q - +0 pair of boots
Stlth   +.........              (no amulet)
HPRegen 0.20/turn               i - ring of willpower
MPRegen 0.11/turn               l - +4 ring of protection

@: no status effects
A: high MP 1, forlorn, divine attributes
a: no special abilities


You were on level 7 of the Dungeon.
You visited 1 branch of the dungeon, and saw 7 of its levels.

You collected 200 gold pieces.

Inventory:

Hand Weapons
 d - a +0 short sword
 m - a +1 mace of protection
Missiles
 c - a throwing net (quivered)
Armour
 a - a +0 leather armour (worn)
 b - a +0 helmet
 k - a +0 helmet (worn)
 q - a +0 pair of boots (worn)
Jewellery
 h - a ring of wizardry
 i - a ring of willpower (left hand)
 l - a +4 ring of protection (right hand)
Wands
 o - a wand of paralysis (11)
Scrolls
 e - a scroll of amnesia
 g - 2 scrolls of fear
Potions
 f - a potion of attraction {unknown}
 j - 2 potions of curing
 n - a potion of ambrosia
 t - 2 potions of degeneration {unknown}


   Skills:
 + Level 4.8 Fighting
 - Level 1.7 Throwing
 - Level 4.0 Dodging
 * Level 7.0 Unarmed Combat


You had 6 spell levels left.
You didn't know any spells.
Your spell library was empty.

Dungeon Overview and Level Annotations

Branches:
Dungeon (7/15)             Temple (0/1) D:7

Annotations:
D:4 2 transporters, Sigmund; pkoi's ghost, amateur DgGl


Innate Abilities, Weirdness & Mutations

You have an increased reservoir of magic. (+10% MP)
You shall have no god before yourself.
Your divine heritage dramatically boosts your attributes as you level up.


Message History

The steam dragon is heavily wounded.
The steam dragon closely misses you. x2
You hit the steam dragon but do no damage.
The steam dragon is heavily wounded.
The steam dragon bites you.
* * * LOW HITPOINT WARNING * * *
The steam dragon completely misses you.
A kobold brigand comes into view.
It is wielding a +0 dagger and quivering poisoned darts.
You closely miss the steam dragon.
The steam dragon is heavily wounded.
The steam dragon bites you.
* * * LOW HITPOINT WARNING * * *
The steam dragon claws you.
* * * LOW HITPOINT WARNING * * *
Unknown command.
You hit the steam dragon. You punch the steam dragon.
The steam dragon is severely wounded.
The steam dragon breathes steam at you. The ball of steam misses you.
You hear a croak.
Unknown command.
The steam dragon barely misses you. The steam dragon misses you.
You barely miss the steam dragon.
The steam dragon is severely wounded.
You are engulfed in a cloud of scalding steam.
The steam dragon bites you.
* * * LOW HITPOINT WARNING * * *
The steam dragon barely misses you.
Unknown command.
A centaur comes into view.
The centaur shouts!
The steam dragon misses you.
The steam dragon claws you but does no damage.
You punch the steam dragon!
The steam dragon is almost dead.
You are engulfed in a cloud of scalding steam.
* * * LOW HITPOINT WARNING * * *
The steam dragon breathes steam at you. The ball of steam hits you!
You die...

....#
#.#####.###...##
##### #.#
#..#.....## #.#
##........# ...
##...###..# .##
##.........#
#.#......#...#
#....###§#...#
#####
#.....§..#...#
....#
#......#@...).#
....# ...###
#D###...#
...........


#Kc ..# ≈≈..(.... [..# .# ≈≈≈..... ###.# # ≈≈≈..... .# ≈≈≈..#.. .. ≈≈≈..#.. ##
You could see a steam dragon (catching breath), a kobold brigand and a centaur.

Vanquished Creatures
  A wraith (D:7)
  A water moccasin (D:5)
  A necrophage (D:5)
  2 phantoms
  A bullfrog (D:6)
  A howler monkey (D:4)
  An orc priest (D:5)
  A centaur skeleton (D:5)
  Jessica (D:2)
  2 iguanas (D:4)
  3 orc wizards
  A killer bee zombie (D:7)
  A hound skeleton (D:4)
  Robin (D:2)
  7 adders
  A white imp (D:7)
  2 worms
  A dart slug (D:3)
  17 orcs
  An endoplasm (D:2)
  5 giant cockroaches
  18 goblins
  6 hobgoblins
  6 kobolds
  2 quokkas
  5 ball pythons
  A ball python skeleton (D:2)
  5 bats
  A frilled lizard (D:1)
  4 rats
100 creatures vanquished.

Vanquished Creatures (others)
  2 plants
2 creatures vanquished.

Grand Total: 102 creatures vanquished

Notes
Turn   | Place    | Note
-------+----------+-------------------------------------------
     0 | D:1      | pkoi the Demigod Gladiator began the quest for the Orb.
     0 | D:1      | Reached XP level 1. HP: 17/17 MP: 3/3
   536 | D:1      | Reached skill level 3 in Unarmed Combat
   601 | D:1      | Reached XP level 2. HP: 8/24 MP: 4/4
  1307 | D:2      | Noticed Jessica
  1327 | D:2      | Killed Jessica
  1328 | D:2      | Reached XP level 3. HP: 23/30 MP: 5/5
  1680 | D:2      | Reached XP level 4. HP: 28/37 MP: 6/6
  1985 | D:2      | Noticed Robin
  2346 | D:2      | Reached skill level 4 in Unarmed Combat
  2356 | D:2      | Killed Robin
  3202 | D:3      | Reached XP level 5. HP: 44/44 MP: 7/7
  3989 | D:4      | Found a transporter.
  3994 | D:4      | Noticed pkoi's ghost (amateur DgGl)
  4011 | D:4      | Found a transporter.
  4056 | D:4      | Reached skill level 5 in Unarmed Combat
  4056 | D:4      | Reached XP level 6. HP: 44/51 MP: 8/8
  4209 | D:4      | Noticed Sigmund
  4385 | D:4      | Noticed a wyvern
  4465 | D:5      | Entered Level 5 of the Dungeon
  4803 | D:5      | Noticed a water moccasin
  4824 | D:5      | Killed a water moccasin
  5111 | D:5      | Reached skill level 6 in Unarmed Combat
  5111 | D:5      | Reached XP level 7. HP: 59/59 MP: 9/9
  5153 | D:5      | You fall into a shaft and drop 2 floors!
  5153 | D:7      | Found a staircase to the Ecumenical Temple.
  5422 | D:7      | Noticed a wraith
  5440 | D:7      | Killed a wraith
  5441 | D:7      | Reached skill level 7 in Unarmed Combat
  5482 | D:7      | Noticed a wyvern
  5565 | D:7      | Noticed a steam dragon
  5584 | D:7      | Killed from afar by a steam dragon

Illustrated notes

Levels and vault maps discovered:
D:1:      mrwooster_arrival_statue, layout_rooms,
          shapermc_ecumenical_altar_acropolis, serial_corexii_hall,
          corexii_hall_statues_t, corexii_hall_statues_deadend,
          corexii_hall_statues_x, chequers_hall_statues_corner_a,
          corexii_hall_statues_i, corexii_hall_statues_deadend,
          skrybe_limestone_x, serial_bayou_pond_c
D:2:      layout_loops_ring, grunt_ministairs_12, minmay_stone_trees_medium,
          uniq_robin, uniq_jessica
D:3:      layout_loops_cross, mainiacjoe_overflow_catch_the_wave,
          mainiacjoe_overflow_brackets, lemuel_coloured_pillars_altar,
          roderic_roman_lattice
D:4:      lemuel_castle_with_subvaults [lemuel_castle_interior_carwin_3],
          layout_basic, gammafunk_ghost_stat_death, serial_bayou_lagoon_b,
          uniq_edmund, uniq_sigmund
D:5:      layout_loops_ring, xom_butterflies, kennysheep_small_square
D:6:      layout_loops_corners, mainiacjoe_overflow_six_doors_small,
          serial_shops, shop, serial_bayou_ford_a
D:7:      hangedman_cross_stitches, layout_rooms,
          nicolae_tso_swordbearing_angel, temple_pool_b,
          kennysheep_generic_room_11

Skill      XL: |  1  2  3  4  5  6  7 |
---------------+----------------------+-----
Unarmed Combat | 3 4 5 6 7 |  7.0
Fighting       | 2 3 4 |  4.8
Dodging        | 3 4 |  4.0
Throwing       | |  1.7

Action                   |  1- 3 |  4- 6 |  7- 9 || total
-------------------------+-------+-------+-------++-------
Melee: Unarmed           |   117 |   227 |    75 ||   419
       Punch             |     5 |    16 |     4 ||    25
Throw: Throwing net      |       |     2 |       ||     2
  Use: Scroll            |       |     9 |       ||     9
       Potion            |       |       |     1 ||     1
 Stab: Sleeping          |     1 |       |       ||     1
Armor: Leather armour    |    26 |    56 |    19 ||   101
       Skin              |       |       |     2 ||     2
Dodge: Dodged            |    65 |   144 |    48 ||   257
